 Dungeon Crawl Stone Soup version 0.27.0-1-g7a089689b8 (webtiles) character file.

Game seed: 5503860984502478162

172 gowby the Chiller (level 5, -3/35 HPs)
             Began as a Barachi Ice Elementalist on Aug 2, 2021.
             Killed from afar by a white imp (4 damage)
             ... with a puff of frost
             ... on level 3 of the Dungeon on Aug 4, 2021.
             The game lasted 00:09:09 (3116 turns).

gowby the Chiller (Barachi Ice Elementalist)        Turns: 3116, Time: 00:09:10

Health: -3/35      AC:  2    Str:  9    XL:     5   Next: 53%
Magic:  17/17      EV: 12    Int: 17    God:
Gold:   48         SH:  0    Dex: 12    Spells: 4/8 levels left

rFire    . . .     SeeInvis .   a - +2 dagger (venom)
rCold    . . .     Faith    .   (no shield)
rNeg     . . .     Spirit   .   d - +0 robe
rPois    .         Reflect  .   (no helmet)
rElec    .         Harm     .   (no cloak)
rCorr    .         Rampage  .   (no gloves)
Will     .....                  (no boots)
Stlth    ++........             (no amulet)
HPRegen  0.11/turn              h - ring of magical power
MPRegen  0.15/turn              (no ring)

@: unable to hop, slow
A: amphibious, slowness 1, strong legs 1, +LOS
a: Hop


You were on level 3 of the Dungeon.
You visited 1 branch of the dungeon, and saw 3 of its levels.

You collected 48 gold pieces.

Inventory:

Hand Weapons
 a - a +2 dagger of venom (weapon)
Armour
 d - a +0 robe (worn)
Jewellery
 h - a ring of magical power (left hand)
Scrolls
 c - a scroll of enchant weapon {unknown}
 i - a scroll of vulnerability {unknown}
 j - a scroll of magic mapping {unknown}
Potions
 b - a potion of might {unknown}
 e - a potion of attraction {unknown}
 f - a potion of brilliance {unknown}
 g - a potion of mutation {unknown}


   Skills:
 - Level 0.2 Fighting
 - Level 2.2 Dodging
 - Level 2.0 Stealth
 - Level 2.2 Spellcasting
 + Level 7.8 Ice Magic


You had 4 spell levels left.
You knew the following spells:

 Your Spells              Type           Power      Damage    Failure   Level
a - Freeze                Ice            100%       1d11      1%          1
z - Frozen Ramparts       Ice            56%        1d7       2%          3

Your spell library contained the following spells:

 Spells                   Type           Power      Damage    Failure   Level
 Ozocubu's Armour         Ice            28%        N/A       2%          3
 Hailstorm                Conj/Ice       15%        3d5       36%         4


Dungeon Overview and Level Annotations

Branches:
Dungeon (3/15)

Altars:


Innate Abilities, Weirdness & Mutations

You are amphibious.
You cover ground slowly.
You can hop short distances.
You have an extended range of vision and can be seen from far away.


Message History

The frozen ramparts melt away.
Magic restored.
Items here: )) [[ ††.
You see here a +0 club.
Found 22 stones.
There is a fountain of clear blue water here.
There is an open door here.
A white imp comes into view.
The white imp moves out of view.
You see here 14 gold pieces.
A white imp is nearby!
You now have 48 gold pieces (gained 14).
The white imp shouts, "Scamper home, thou tottering full-gorged simpleton!"
The white imp laughs crazily.
You start waiting.
A white imp is nearby!
The white imp barely misses you.
You hit the white imp but do no damage. The white imp hits you.
The white imp freezes you.
You hit the white imp.
The white imp is poisoned.
The white imp is lightly wounded.
The white imp hits you. The white imp freezes you.
You hit the white imp but do no damage.
The white imp is moderately wounded.
The white imp gestures at you. The puff of frost hits you!
You closely miss the white imp.
The white imp is moderately wounded.
The white imp hits you. The white imp freezes you.
You barely miss the white imp.
The white imp is severely wounded.
The white imp gestures at you. The puff of frost hits you!
* * * LOW HITPOINT WARNING * * *
Hop to where?
Press: ? - help, Dir - move target Boing!
The white imp gestures at you. The puff of frost hits you.
You die...

....#........ ##### #.
............# #...########.
............# ##.8..#.....##
............#####...⌠.#)###.#
...............##..8..#.# #.#
..........5....#.......)# #.#
...........○...'........# #.#
...........#...#.......##
#.## ....########.@.#.......#
#... .. #...#.......# #####
#...#.......# #....
#...#....)..###.###
#...##...........##
######.........†.<.
..........†## ...........
..........#


You could see a white imp (poisoned).

Vanquished Creatures
  2 orc wizards (D:3)
  6 adders (D:2)
  A worm (D:2)
  A dart slug (D:2)
  2 orcs (D:3)
  5 ball pythons
  2 endoplasms (D:1)
  A giant cockroach (D:1)
  6 goblins
  7 hobgoblins
  5 jackals
  2 quokkas (D:2)
  12 bats
  5 frilled lizards
  2 kobolds
  7 rats
66 creatures vanquished.

Notes
Turn   | Place    | Note
-------+----------+-------------------------------------------
     0 | D:1      | gowby the Barachi Ice Elementalist began the quest for the
                  | Orb.
     0 | D:1      | Reached XP level 1. HP: 13/13 MP: 3/3
   133 | D:1      | Reached skill level 5 in Ice Magic
   270 | D:1      | Reached XP level 2. HP: 19/19 MP: 0/5
   969 | D:1      | Reached XP level 3. HP: 19/24 MP: 3/6
  1074 | D:1      | Learned a level 3 spell: Frozen Ramparts
  1433 | D:2      | Reached skill level 6 in Ice Magic
  1761 | D:2      | Reached XP level 4. HP: 30/30 MP: 6/7
  1943 | D:2      | Found a faded altar of an unknown god.
  2242 | D:2      | Reached skill level 7 in Ice Magic
  2615 | D:2      | Reached XP level 5. HP: 33/35 MP: 8/8
  3115 | D:3      | HP: 1/35 [white imp/puff of frost (10)]
  3116 | D:3      | Killed from afar by a white imp

Illustrated notes

Levels and vault maps discovered:
D:1:      dpeg_arrival_subterranean_lakeside_camping, layout_loops_corners
D:2:      layout_basic, basic_ecumenical_altar
D:3:      layout_basic, minmay_tree_intersection, hangedman_feature_mirror

Skill      XL: |  1  2  3  4 |
---------------+-------------+-----
Ice Magic      | 5 6 7 |  7.8
Stealth        | 2 |  2.0
Fighting       | |  0.2
Dodging        | |  2.2
Spellcasting   | |  2.2

Action                   |  1- 3 |  4- 6 || total
-------------------------+-------+-------++-------
Melee: Dagger            |    42 |    48 ||    90
 Cast: Freeze            |    22 |     6 ||    28
       Frozen Ramparts   |     3 |     5 ||     8
 Abil: Hop               |       |     1 ||     1
 Stab: Sleeping          |     5 |       ||     5
Armor: Robe              |     9 |     4 ||    13
Dodge: Dodged            |    44 |    28 ||    72
